 Dungeon Crawl Stone Soup version 0.16-a0-3661-g910cf96 (webtiles) character file.

3187 PolkaDot the Fighter (level 9, -3/86 HPs)
             Began as a Pale Draconian Monk on Jan 17, 2015.
             Was an Elder of Okawaru.
             Killed from afar by an electric eel (12 damage)
             ... with a bolt of electricity
             ... on level 6 of the Dungeon.
             The game lasted 00:21:22 (9270 turns).

PolkaDot the Fighter (Pale Draconian Monk)          Turns: 9270, Time: 00:21:22

Health: -3/86      AC:  9    Str: 24    XL:     9   Next: 64%
Magic:  9/9        EV: 13    Int: 15    God:    Okawaru [****..]
Gold:   438        SH:  0    Dex: 13    Spells: 1 memorised, 4 levels left

rFire  . . .     SeeInvis +       - Unarmed
rCold  . . .     Clarity  .     (armour unavailable)
rNeg   . . .     SustAb   .     (no shield)
rPois  .         Gourm    .     (helmet restricted)
rElec  .         Spirit   .     (no cloak)
rCorr  .         Warding  .     p - +0 pair of gloves
rMut   .         Stasis   .     H - +0 pair of boots {Fly}
MR     .....                    (no amulet)
Stlth  ++........               o - +6 ring of strength
                                P - ring of see invisible

@: mighty, flying, very slightly contaminated, invisible, not resistant to
hostile enchantments, unstealthy
A: breathe steam, unfitting armour, cold-blooded, AC +7
a: Breathe Steam, Heroism, Renounce Religion, Stop Flying


You were on level 6 of the Dungeon.
You worshipped Okawaru.
Okawaru was greatly pleased with you.
You were not hungry.

You visited 2 branches of the dungeon, and saw 10 of its levels.

You collected 438 gold pieces.

Inventory:

Missiles
 w - 2 throwing nets (quivered)
Armour
 p - a +0 pair of gloves (worn)
 H - a +0 pair of boots of flying (worn)
Jewellery
 e - an uncursed ring of teleport control
 f - an uncursed ring of fire
 g - a +5 ring of strength
 o - a +6 ring of strength (right hand)
 P - a ring of see invisible (left hand)
 R - a cursed -3 ring of dexterity
Magical devices
 h - a wand of fire (6)
 j - a wand of disintegration (10)
 r - a wand of digging (17)
 v - a wand of lightning (12)
 A - a wand of fireball (1)
 B - a wand of digging (19)
 N - a wand of slowing (15)
Scrolls
 a - 2 scrolls of fear
 c - 2 scrolls of recharging
 d - a scroll of blinking
 i - 4 scrolls of remove curse
 k - a scroll of immolation
 q - 2 scrolls of magic mapping
 s - 2 scrolls of enchant armour
 x - a scroll of fog
 y - a scroll of teleportation
 K - 2 scrolls of noise {unknown}
 L - a scroll of amnesia {unknown}
 M - a scroll of enchant weapon {unknown}
Potions
 l - 3 potions of cancellation
 n - a potion of curing
 t - a potion of might
 z - 4 potions of brilliance
 C - a potion of flight
 G - a potion of lignification {unknown}
 I - a potion of restore abilities {unknown}
 J - 5 potions of heal wounds
 O - a potion of ambrosia {unknown}
 S - a potion of decay {unknown}
Books
 T - a book of the Earth

   Spells                             Type                      Level
   a - Leda's Liquefaction            Hexes/Earth                  4
   b - Bolt of Magma                  Conjuration/Fire/Earth       5
   c - Statue Form                    Transmutation/Earth          6
   d - Iron Shot                      Conjuration/Earth            6
   e - Shatter                        Earth                        9
Comestibles
 b - 8 bread rations
 m - 3 beef jerkies
 u - 3 fruits
 D - 5 meat rations
 F - 3 slices of pizza
 Q - a chunk of flesh


   Skills:
 + Level 10.9 Fighting
 - Level 2.6 Dodging
 - Level 1.7 Stealth
 + Level 10.4 Unarmed Combat


You had 4 spell levels left.
You knew the following spells:

 Your Spells              Type           Power        Failure   Level  Hunger
c - Control Teleport      Chrm/Tloc      #.........   100%        4    #####..


Dungeon Overview and Level Annotations

Branches:
Dungeon (9/15)             Temple (1/1) D:5            Lair (0/8) D:9
    Orc: D:9-12

Altars:
Ashenzari
Cheibriados
Dithmenos
Elyvilon
Fedhas
Gozag
Kikubaaqudgha
Makhleb
Nemelex Xobeh
Okawaru
Qazlal
Ru
Sif Muna
Trog
Vehumet
Xom
Yredelemnul
Zin
The Shining One

Shops:
D:5 [


Innate Abilities, Weirdness & Mutations

You can breathe blasts of scalding steam.
Your pale cyan-grey scales are hard (AC +7).
Your body does not fit into most forms of armour.
Your cold-blooded metabolism reacts poorly to cold.


Message History

The bolt of electricity hits the plant.
Drink which item? (? for menu, Esc to quit)
You feel better.
The electric eel shoots out a bolt of lightning at you!
The bolt of electricity hits you!
* * * LOW HITPOINT WARNING * * *
The bolt of electricity hits the plant.
Drink which item? (? for menu, Esc to quit)
You feel better.
The electric eel shoots out a bolt of lightning at you!
The bolt of electricity misses you.
The electric eel shoots out a bolt of lightning at you!
The bolt of electricity hits you!
* * * LOW HITPOINT WARNING * * *
The bolt of electricity hits the plant.
Drink which item? (? for menu, Esc to quit)
You feel better.
The electric eel shoots out a bolt of lightning at you!
The bolt of electricity hits you!
You die...

#####.####.#######.#
#........#..# ...#.###
...........≈♣♣≈≈≈≈♣♣.
.......♣P♣♣P≈≈♣≈PP≈≈♣ ♣♣
.....≈♣♣♣♣♣≈≈≈≈≈≈P≈≈♣♣≈≈
....≈≈♣≈≈P≈P≈≈≈≈≈≈≈≈≈≈♣≈P
....≈♣≈≈PP≈≈≈≈≈≈≈≈≈≈≈≈PP≈P≈
...≈♣P≈≈≈♣≈≈≈≈≈≈≈≈≈≈≈≈≈≈≈≈≈≈
..♣♣≈P♣PP≈≈≈≈≈≈≈@≈≈≈≈≈≈≈≈≈≈≈≈ ..♣
≈P≈≈≈≈≈≈≈≈≈≈;;≈≈≈≈≈≈≈≈≈ ≈P #.♣
P≈≈P♣P≈≈≈≈≈≈≈≈≈≈≈≈≈≈≈≈≈≈≈♣P##
#.#♣♣♣≈≈≈≈≈z≈≈≈≈≈≈≈≈≈≈≈≈≈♣≈≈≈≈...
#.##≈♣≈P≈≈≈≈≈≈≈≈z≈≈z≈≈≈P≈≈≈♣≈.###
.....♣≈≈≈≈♣≈≈♣≈z≈≈≈≈≈≈≈P≈P♣♣#+###
.....♣≈≈≈♣♣≈≈≈P≈≈≈≈≈P♣≈≈≈≈.......
........♣♣≈♣♣♣≈♣≈♣≈♣♣≈≈P♣........
...........# ≈♣♣♣♣♣♣♣............


You could see 2 electric eels and 4 wights.

Vanquished Creatures
  A merfolk (D:9)
  A steam dragon (D:8)
  Edmund (D:7)
  A sky beast (D:8)
  A black bear (D:9)
  An orc warrior (D:7)
  3 ogres
  2 phantoms
  A centaur (D:9)
  2 giant frogs
  A big kobold (D:7)
  A scorpion (D:8)
  A water moccasin skeleton (D:9)
  4 electric eels
  A goliath beetle (D:7)
  A wasp zombie (D:8)
  4 crimson imps
  3 giant frog zombies
  5 jellies
  An orc priest (D:6)
  A centaur skeleton (D:7)
  4 hounds
  A giant frog skeleton (D:5)
  8 orc wizards
  3 iguanas
  3 worker ants
  A hound skeleton (D:8)
  Robin (D:4)
  13 adders
  4 gnolls (D:7)
  A shadow imp (D:7)
  A giant mite (D:2)
  8 worms
  An adder zombie (D:8)
  8 giant geckos
  38 orcs
  A ball python (D:4)
  21 bats
  2 giant cockroaches
  20 goblins
  23 hobgoblins
  7 jackals
  2 quokkas
  4 giant newts
  24 kobolds
  2 quokka skeletons
  14 rats
252 creatures vanquished.

Notes
Turn   | Place    | Note
--------------------------------------------------------------
     0 | D:1      | PolkaDot, the Draconian Monk, began the quest for the Orb.
     0 | D:1      | Reached XP level 1. HP: 19/19 MP: 1/1
   183 | D:1      | Reached XP level 2. HP: 12/26 MP: 2/2
   753 | D:1      | Reached XP level 3. HP: 26/33 MP: 3/3
  1582 | D:2      | Found a shimmering altar of Xom.
  1585 | D:2      | Found a glowing golden altar of the Shining One.
  1588 | D:2      | Found a blossoming altar of Fedhas.
  1753 | D:2      | Reached XP level 4. HP: 38/41 MP: 4/4
  1817 | D:2      | Reached skill level 5 in Unarmed Combat
  1878 | D:2      | HP: 2/41 [worm (12)]
  2468 | D:2      | Found an opulent altar of Gozag.
  2469 | D:2      | Found a sparkling altar of Nemelex Xobeh.
  2528 | D:3      | Reached XP level 5. HP: 45/47 MP: 5/5
  2537 | D:3      | Reached skill level 5 in Fighting
  3760 | D:4      | Found an ancient bone altar of Kikubaaqudgha.
  3765 | D:4      | Reached XP level 6. HP: 49/57 MP: 6/6
  3812 | D:4      | Noticed an ogre
  3816 | D:4      | Reached skill level 6 in Unarmed Combat
  3825 | D:4      | Killed an ogre
  4158 | D:4      | Noticed Robin
  4210 | D:4      | Killed Robin
  4499 | D:4      | Your scales start fading to a pale cyan-grey colour.
  4499 | D:4      | Reached XP level 7. HP: 37/64 MP: 7/7
  4673 | D:4      | Noticed a phantom
  4703 | D:4      | Killed a phantom
  4940 | D:5      | Entered Level 5 of the Dungeon
  4955 | D:5      | Reached skill level 7 in Unarmed Combat
  4969 | D:5      | Found a staircase to the Ecumenical Temple.
  4984 | Temple   | Entered the Ecumenical Temple
  5223 | Temple   | Became a worshipper of Warmaster Okawaru
  5223 | Temple   | Acquired Okawaru's first power
  5768 | D:5      | Found Quniur's Armour Shoppe.
  6257 | D:6      | You fall through a shaft for 3 floors!
  6397 | D:9      | Reached XP level 8. HP: 60/74 MP: 8/8
  6517 | D:9      | Reached skill level 8 in Fighting
  6598 | D:9      | Noticed a merfolk
  6613 | D:9      | Killed a merfolk
  7064 | D:9      | Found a staircase to the Lair.
  7078 | D:9      | Reached skill level 9 in Fighting
  7406 | D:8      | Reached XP level 9. HP: 81/85 MP: 9/9
  7412 | D:8      | Learned a level 4 spell: Control Teleport
  8045 | D:8      | Reached skill level 10 in Fighting
  8109 | D:8      | Found a snail-covered altar of Cheibriados.
  8696 | D:7      | Reached skill level 10 in Unarmed Combat
  8905 | D:7      | Noticed Edmund
  8916 | D:7      | Killed Edmund
  9267 | D:6      | HP: 2/86 [electric eel/bolt of electricity (9)]
  9270 | D:6      | Killed from afar by an electric eel

Action                   |  1- 3 |  4- 6 |  7- 9 || total
-------------------------+-------+-------+-------++-------
Melee: Unarmed           |   151 |   297 |   416 ||   864
Throw: Throwing net      |       |       |     1 ||     1
 Abil: Breathe Steam     |       |       |    10 ||    10
       Evoke Flight      |       |       |     1 ||     1
  Use: Potion            |       |     7 |     9 ||    16
       Scroll            |       |       |    14 ||    14
 Stab: Sleeping          |     2 |       |     4 ||     6
       Distracted        |       |       |     1 ||     1
  Eat: Chunk             |     3 |     9 |     8 ||    20
       Bread ration      |       |       |     2 ||     2
